Unix NetHack Version 3.7.0-51 Work-in-progress - last build Mar 7 2022 13:06:07 (ce1e6a145e5d3e7dd6f4b57ba37794bc207988de,branch:master). Game began 2022-03-16 10:14:00, ended 2022-03-16 13:00:38. elenmirie, neutral female gnomish Archeologist ---------------- |........).....| |.............<+ ----.----------- ##################@'## Elenmirie the Investigator St:14 Dx:9 Co:13 In:18 Wi:16 Ch:11 Neutral Dlvl:7 $:11 HP:0(46) Pw:32(32) AC:4 Xp:6/632 T:6314 Burdened Latest messages: The giant bat misses! You hit the giant bat. The giant bat bites! The giant bat bites! You hit the giant bat. The giant bat misses! The giant bat bites! The giant bat bites! The giant bat bites! You hit the giant bat. The giant bat bites! You hit the giant bat. The giant bat bites! You kill the giant bat! a - an uncursed +0 pick-axe (weapon in hand). You fall down the stairs. You swap places with Yermak. You fall down the stairs. You see here a spear. You hear some noises in the distance. The Woodland-elf throws a runed dagger! You are hit by a runed dagger! You have a little trouble lifting L - a runed dagger. You hit the Woodland-elf! The Woodland-elf hits! You hit the Woodland-elf! The Woodland-elf hits! You hit the Woodland-elf. The Woodland-elf hits! You kill the Woodland-elf! There is a Woodland-elf corpse here; eat it? [ynq] (n) y Blecch! Rotten food! The world spins and goes dark. You are conscious again. There is a partly eaten Woodland-elf corpse here; eat it? [ynq] (n) y You resume your meal. You stop eating the Woodland-elf corpse. You hit the rope golem. The rope golem hits! The rope golem hits! You hit the rope golem. You hit the rope golem. The rope golem hits! The rope golem hits! You die... Do you want your possessions identified? [ynq] (y) y Do you want to see your attributes? [ynq] (y) y Do you want an account of creatures vanquished? [ynaq] (y) y Do you want to see your conduct and achievements? [ynq] (y) y Do you want to see the dungeon overview? [ynq] (y) y Major events: Turn 1: elenmirie the neutral female gnomish Archeologist entered the dungeon 1079: entered the Gnomish Mines 1143: attained the rank of Field Worker (level 3) 4041: reached Mine Town 4119: attained the rank of Investigator (level 6) 6314: killed by a rope golem Inventory: Coins $ - 11 gold pieces Weapons A - an uncursed +0 elven dagger L - an uncursed +0 elven dagger i - an uncursed +2 bullwhip Armor c - an uncursed +0 fedora (being worn) r - an uncursed +0 pair of low boots (being worn) u - an uncursed +1 leather cloak (being worn) v - an uncursed +0 studded leather armor (being worn) Comestibles m - an uncursed tripe ration Rings F - a cursed ring of aggravate monster n - an uncursed ring of shock resistance Wands l - an uncursed wand of teleportation (0:1) Tools w - an uncursed sack containing 20 items H - a cursed magic lamp (lit) a - an uncursed +0 pick-axe (weapon in hand) e - an uncursed skeleton key t - an uncursed tinning kit (0:72) x - an uncursed towel D - an uncursed wax candle Gems/Stones C - an uncursed turquoise stone g - an uncursed touchstone Contents of the sack: 1898 gold pieces an uncursed scroll of create monster an uncursed scroll of earth an uncursed scroll of earth 2 uncursed scrolls of enchant weapon an uncursed scroll of fire an uncursed scroll of food detection an uncursed scroll of identify 4 uncursed scrolls of identify an uncursed scroll of light a blessed scroll of remove curse an uncursed scroll of remove curse an uncursed scroll of teleportation an uncursed potion of blindness a cursed potion of extra healing an uncursed potion of fruit juice an uncursed potion of gain ability an uncursed potion of invisibility an uncursed potion of restore ability 2 uncursed potions of see invisible Elenmirie the Archeologist's attributes: Background: You were an Investigator, a level 6 female gnomish Archeologist. You were neutral, on a mission for Camaxtli who was opposed by Quetzalcoatl (lawful) and Huhetotl (chaotic). You were in the Dungeons of Doom, on level 7. You entered the dungeon 6314 turns ago. You had 632 experience points, 8 more were needed to attain level 7. Basics: You had 0 out of 46 hit points. You had all 32 energy points (spell power). Your armor class was 4. Your wallet contained 11 zorkmids. Autopickup was on for '$' plus thrown. Final Characteristics: Your strength was 14 (limit:18/50). Your dexterity was 9 (limit:18). Your constitution was 13 (limit:18). Your intelligence was 18 (limit:19). Your wisdom was 16 (limit:18). Your charisma was 11 (limit:18). Final Status: You were not hungry. You were burdened; movement was slightly slowed. You were wielding a pick-axe. You had basic skill with pick-axe. Final Attributes: You were piously aligned. You were poison resistant. You were telepathic. You had infravision. You were stealthy. You were warded. You were fast. You are dead. Miscellaneous: You never encountered a bones level. Total elapsed playing time was 1 hour, 42 minutes and 2 seconds. Vanquished creatures: a watchman 3 leprechauns a dust vortex a Woodland-elf a rock piercer a fog cloud a yellow light a violet fungus a gnome leader a gnomish wizard 2 kobold mummies a gray ooze an elf zombie 2 straw golems 8 giant ants a little dog 5 floating eyes 3 dwarves a homunculus 2 kobold leaders 2 kobold shamans 3 rothes a rabid rat a centipede a giant bat a monkey a dwarf zombie a werejackal 4 iguanas 4 killer bees 4 acid blobs 4 hobbits a large kobold a hobgoblin 9 giant rats a yellow mold 2 green molds 4 red molds 6 gnomes 5 geckos 6 jackals 4 foxes 2 kobolds 4 goblins 7 sewer rats 5 grid bugs 5 lichens 2 kobold zombies 7 newts 136 creatures vanquished. No species were genocided or became extinct. Voluntary challenges: You read items or engraved 2 times. You never engraved Elbereth. You never genocided any monsters. You never polymorphed an object. You used no wishes. Achievements: You entered a shop. You entered the Gnomish Mines. You attained the rank of Field Worker. You entered Minetown. You attained the rank of Investigator. You entered a temple. The Dungeons of Doom: levels 1 to 7 Level 1: A fountain, a grave. Level 2: An armor shop. Level 3: A shop. Stairs down to The Gnomish Mines. Level 4: Level 5: A fountain. Level 6: Level 7: <- You were here. Final resting place for you, killed by a rope golem. The Gnomish Mines: levels 4 to 7 Level 4: Level 5: Level 6: Level 7: Many shops, a temple, some fountains. Game over: ---------- / \ / REST \ / IN \ / PEACE \ / \ | elenmirie | | 1909 Au | | killed by a rope | | golem | | | | | | 2022 | *| * * * | * _________)/\\_//(\/(/\)/\//\/|_)_______ Goodbye elenmirie the Archeologist... You died in The Dungeons of Doom on dungeon level 7 with 4547 points, and 1909 pieces of gold, after 6314 moves. You were level 6 with a maximum of 46 hit points when you died.